Zazza, neutral female human Tourist ----------- --------------- #..........| ---------------- ----- |....<........| #|.....|...| #...............| |...| #-..............# #|.........| #|..............| |...-#####|...@f........|# #|.........| ##+..............| |*.$|#####.....m........|# #..........| ##|..............| ----- ---------------# ###---------+- ####------------+--- # # # # # ### # ### # # # # # # # # # ### # # # # # # ---- # # # # # ### |..| ### # ### # # # |..| #------# # # # ### ---- #|....|# ----+------# # # #-....|# |..........####----|------- |..>..# |.........| # |..........| ------ |..........## |..........| -----+----- ------------ # Zazza the Rambler Experience level: 1 Strength: 11 Dexterity: 13 Constitution: 14 Intelligence: 12 Wisdom: 9 Charisma: 16 Health: 0(10) Energy: 2(2) Def: 3 Gold: 0 Moves: 1367 Dungeon seed: 50txDmle4tp1TvyM Game ID: Zazza_1597858488 Your Inventory: Amulets v - a cursed amulet of restful sleep named cursed Weapons a - 23 +2 darts (in quiver) r - 6 +0 darts A - a +0 axe Armor e - an uncursed +0 Hawaiian shirt (being worn) y - an uncursed +0 studded leather armor (being worn) Comestibles b - an uncursed melon d - an uncursed apple f - 4 uncursed food rations g - an uncursed slime mold h - 3 uncursed carrots i - an uncursed egg j - an uncursed tripe ration s - an uncursed clove of garlic B - 2 uncursed bananas Scrolls l - 3 uncursed scrolls of magic mapping q - an uncursed scroll of enchant weapon D - an uncursed scroll of blank paper H - an uncursed scroll of enchant weapon I - a cursed scroll of enchant armor Potions k - 2 uncursed potions of extra healing p - an uncursed potion of monster detection E - an uncursed potion of full healing F - an uncursed potion of enlightenment Rings w - an uncursed ring of teleport control (on left hand) x - an uncursed ring of sustain ability (on right hand) G - an uncursed ring of warning Wands u - a wand of make invisible (0:6) Tools n - an expensive camera (0:60) o - an uncursed credit card Gems z - 2 uncursed worthless pieces of green glass N - an uncursed worthless piece of yellowish brown glass Spells and supernatural/magical abilities: Name Level Category Fail Memory W - pray for help -- divine ? -- Your skills at the end: Fighting Skills Weapon Skills dart [Basic] Spellcasting Skills Final Attributes: You were nominally aligned. You had teleport control. You had fixed abilities. You are dead. Vanquished creatures: 2 giant rats a yellow mold a gecko 2 jackals a kobold a goblin 4 lichens 5 newts 17 creatures vanquished. Voluntary challenges: You were an atheist. You never hit with a wielded weapon. You read items or engraved 1 time, starting on turn 1192. You never genocided any monsters. You never polymorphed an object. You never changed form. You used no wishes. You never split a pudding. You never wrote Elbereth's name. You never violated your personal moral code. Dungeon overview: The Dungeons of Doom: levels 1 to 4 Level 1 a long staircase Level 2 Level 3 a fountain, a sink a long staircase Level 4 <- You were here a general store History has recorded: On T:1 you entered the Dungeons of Doom to retrieve the Amulet of Yendor! On T:414 you reached level 2 of The Dungeons of Doom. On T:705 you reached level 3 of The Dungeons of Doom. On T:1094 you reached level 4 of The Dungeons of Doom. Score breakdown: Gold: 0 ( 0 points) Experience: 1 level ( 0 points) Exploration: 4 levels ( 7.84%) ( 7348 points) Discoveries: 1 item ( 0.34%) ( 1737 points) Valuables value: (no points given unless you survive) Artifact value: 0 ( 0 points) Variety of kills: 8 monsters ( 2.10%) ( 4347 points) Turncount: 1367 turns ( 0 points) Survival: died (score multiplied by 80%) Total score: 10745 Latest messages: "Aloha, Zazza! Welcome again to Upernavik's general store!" Armand misses the small mimic. (3x) You are beginning to feel hungry. Armand bites the small mimic. The small mimic misses Armand. Armand misses the small mimic. This lichen corpse tastes terrible! Armand bites the small mimic. The small mimic misses Armand. The small mimic hits Armand. You finish eating the lichen corpse. Never mind. You hear a door open. You hit the small mimic. You displace Armand. "Aloha, Zazza! Welcome again to Upernavik's general store!" You displace Armand. You miss the small mimic. (2x) You hit the small mimic. (3x) You miss the small mimic. The small mimic hits! You die... Final status: Aloha Zazza the Tourist, killed by a small mimic... You died in The Dungeons of Doom on dungeon level 4 with 10745 points, and 0 pieces of gold, after 1367 moves. You were level 1 with a maximum of 10 hit points when you died.